 Dungeon Crawl Stone Soup version 0.24-a0-493-g7e4ddcd485 (webtiles) character file.

Game seed: 14289563374247460598

1064 KristoblXynda the Slasher (level 8, -2/67 HPs)
             Began as a Purple Draconian Skald on July 12, 2019.
             Was an Initiate of Ashenzari.
             Slain by a wyvern (15 damage)
             ... on level 5 of the Dungeon.
             The game lasted 00:09:32 (6109 turns).

KristoblXynda the Slasher (Purple Draconian Skald)  Turns: 6109, Time: 00:09:32

Health: -2/67      AC:  7    Str: 15      XL:     8   Next: 6%
Magic:  7/11       EV: 13    Int: 14      God:    Ashenzari [......]
Gold:   279        SH:  0    Dex: 10 (11) Spells: 4/11 levels left

rFire    . . .     SeeInvis .   p - +0 long sword
rCold    . . .     Gourm    .   (no shield)
rNeg     . . .     Faith    .   (armour unavailable)
rPois    .         Spirit   .   (helmet restricted)
rElec    .         Reflect  .   (no cloak)
rCorr    .         Harm     .   j - +0 pair of gloves
MR       +....                  (no boots)
Stlth    +.........             (no amulet)
HPRegen  1.21/turn              (no ring)
MPRegen  0.12/turn              (no ring)

@: short of breath, regenerating
A: breathe power, unfitting armour, cold-blooded, AC +6
a: Breathe Dispelling Energy, Curse Item, Renounce Religion


You were on level 5 of the Dungeon.
You worshipped Ashenzari.
Ashenzari was noncommittal.
You were not hungry.

You visited 1 branch of the dungeon, and saw 7 of its levels.

You collected 279 gold pieces.

Inventory:

Hand Weapons
 p - a +0 long sword (weapon)
Armour
 i - a +0 buckler
 j - a +0 pair of gloves (worn)
Wands
 e - a wand of polymorph (5)
 r - a wand of acid (9)
Scrolls
 f - a scroll of blinking
 h - 3 scrolls of remove curse
 l - a scroll of amnesia
Potions
 a - a potion of resistance
 b - a potion of heal wounds
 d - a potion of agility
 g - a potion of brilliance
 k - a potion of curing
 m - a potion of ambrosia
 n - 2 potions of flight
Comestibles
 c - 10 rations


   Skills:
 + Level 4.7 Fighting
 * Level 6.9 Long Blades
 - Level 3.1 Dodging
 - Level 2.4 Spellcasting
 + Level 6.1 Charms


You had 4 spell levels left.
You knew the following spells:

 Your Spells              Type           Power        Failure   Level  Hunger
a - Regeneration          Chrm/Necr      ##........   21%         3    ###....
b - Song of Slaying       Chrm           ###.....     2%          2    ###....
c - Shroud of Golubria    Chrm/Tloc      ##....       10%         2    ###....

Your spell library contained the following spells:

 Spells                   Type           Power        Failure   Level  Hunger
 Infusion                 Chrm           ###.         1%          1    #......
 Spectral Weapon          Hex/Chrm       ##......     21%         3    ###....


Dungeon Overview and Level Annotations

Branches:
Dungeon (7/15)             Temple (0/1) D:4

Altars:
Ashenzari
Uskayaw


Innate Abilities, Weirdness & Mutations

You can breathe bolts of dispelling energy.
Your rich purple scales are hard. (AC +6)
You cannot fit into any form of body armour.
You are cold-blooded and may be slowed by cold attacks.


Message History

The wyvern is heavily wounded.
The wyvern barely misses you.
You riposte.
You completely miss the wyvern.
Your tail-slap misses the wyvern.
The wyvern is heavily wounded.
Okay, then.
Casting: Shroud of Golubria (safe; 10% risk of failure)
Confirm with . or Enter, or press ? or * to list all spells.
Your skin crawls.
The wyvern bites you but does no damage.
Press: ? - help, Shift-Dir - straight line, f - adder skeleton
Aim: an adder skeleton You breathe a bolt of dispelling energy.
The bolt of dispelling energy hits the wyvern.
The wyvern is severely wounded.
The bolt of dispelling energy hits the adder skeleton.
The adder skeleton is moderately damaged.
You feel somewhat more hungry. The wyvern bites you.
* * * LOW HITPOINT WARNING * * *
The wyvern bites you!
You die...

,,,,,,,,* #..# #.##.#..# ##..#
*****,*** #..# #.##...## #...#
*,* #..# #.##.### #.#.# *,* #..#
#.##.# #...#
*,***##..###.##.########..#
*,,,,)....................#
******######.##.########.##
#.##...# ###.# #@####.####...###
***** #l#* #..........# **,,,**
#Zo# #..###.###.# *,,,,,* ##.#
#..# #.# *.# *,,,,***
***.#*#..#*#.# *,# ,,,,,*,*
*,,..,#...,#.#**>** ,,,,,,**
****,*...............#
,,,,,_******,,,,,#............#..
,,,,,,**,,**,**,**..≈≈........#**


You could see a wyvern, an orc and an adder skeleton.

Vanquished Creatures
  Eustachio (D:5)
  Edmund (D:4)
  Menkaure (D:5)
  Duvessa (D:5)
  2 centaurs
  Dowan (D:5)
  3 crimson imps
  A bullfrog skeleton (D:6)
  Ijyb (D:5)
  Natasha (D:4)
  A worker ant (D:5)
  3 gnolls (D:2)
  4 adders
  A shadow imp (D:5)
  A worm (D:3)
  12 dart slugs
  3 leopard geckos
  6 giant cockroaches
  10 goblins
  7 hobgoblins
  3 jackals (D:1)
  A quokka (D:3)
  A ball python (D:3)
  4 bats
  6 frilled lizards
  8 kobolds
  2 leopard gecko skeletons
  6 rats
92 creatures vanquished.

Notes
Turn   | Place    | Note
-------+----------+-------------------------------------------
     0 | D:1      | KristoblXynda the Draconian Skald began the quest for the
                  | Orb.
     0 | D:1      | Reached XP level 1. HP: 17/17 MP: 3/3
   136 | D:1      | Reached XP level 2. HP: 15/24 MP: 5/5
  1173 | D:1      | Reached XP level 3. HP: 26/29 MP: 6/6
  1901 | D:2      | Reached XP level 4. HP: 36/36 MP: 3/7
  3577 | D:3      | Reached XP level 5. HP: 25/41 MP: 8/8
  4062 | D:4      | Learned a level 3 spell: Regeneration
  4065 | D:4      | Learned a level 2 spell: Song of Slaying
  4068 | D:4      | Learned a level 2 spell: Shroud of Golubria
  4082 | D:4      | Noticed Edmund
  4102 | D:4      | HP: 2/41 [Edmund/+2 flail of crushing (2)]
  4103 | D:4      | Killed Edmund
  4103 | D:4      | Reached XP level 6. HP: 2/50 MP: 4/9
  4433 | D:4      | Noticed Natasha
  4453 | D:4      | HP: 2/50 [iron imp[Natasha] (11)]
  4460 | D:4      | Killed Natasha
  4782 | D:4      | Found a staircase to the Ecumenical Temple.
  4783 | D:4      | You fall into a shaft and drop 3 floors!
  4879 | D:6      | Reached skill level 5 in Long Blades
  5093 | D:5      | Entered Level 5 of the Dungeon
  5093 | D:5      | Noticed Menkaure
  5093 | D:5      | Noticed Duvessa
  5093 | D:5      | Noticed Dowan
  5117 | D:5      | Noticed Ijyb
  5119 | D:5      | Killed Duvessa
  5119 | D:5      | Your scales start taking on a rich purple colour.
  5119 | D:5      | Reached skill level 5 in Charms
  5119 | D:5      | Reached XP level 7. HP: 58/58 MP: 10/10
  5123 | D:5      | Killed Dowan
  5134 | D:5      | Killed Menkaure
  5150 | D:5      | Killed Ijyb
  5348 | D:5      | Found a hide-covered altar of Uskayaw.
  5379 | D:5      | Found a shattered altar of Ashenzari.
  5385 | D:5      | Became a worshipper of Ashenzari the Shackled
  5539 | D:5      | Noticed Eustachio
  5577 | D:5      | Killed Eustachio
  5577 | D:5      | Reached XP level 8. HP: 24/67 MP: 8/11
  6109 | D:5      | Slain by a wyvern

Levels and vault maps discovered:
D:1:      evilmike_arrival_crescent, layout_loops_corners
D:2:      layout_loops_ring, first_ration, chequers_big_river,
          minmay_goblin_outpost
D:3:      kennysheep_slugbush, layout_basic
D:4:      layout_cave_pods, vehumet_altar_wand_db,
          nicolae_overflow_crystal_walls, temple_pool_b, uniq_edmund,
          uniq_natasha
D:5:      cheibrodos_helix_gallery, layout_loops_ring, tso_altar, zin_academy,
          evilmike_ruin_ashenzari, grunt_qazlal_sundering, basic_altar,
          corexii_shack, hangedman_abyss_or_decor_lesser_grid, uniq_menkaure,
          uniq_ijyb, uniq_eustachio, uniq_duvessa
D:6:      layout_cave_pods, grunt_temple_overflow_open, kennysheep_slug_shrine
D:7:      layout_cave_pools, xom_butterflies

Skill      XL: |  1  2  3  4  5  6  7 |
---------------+----------------------+-----
Charms         | 3 5 6 |  6.1
Long Blades    | 3 4 5 6 |  6.9
Dodging        | 3 |  3.1
Fighting       | 3 4 |  4.7
Spellcasting   | |  2.4

Action                   |  1- 3 |  4- 6 |  7- 9 || total
-------------------------+-------+-------+-------++-------
Melee: Falchion          |   115 |    87 |       ||   202
       Tailslap          |    11 |    37 |    11 ||    59
       Long sword        |       |   185 |   100 ||   285
 Cast: Infusion          |     4 |     2 |       ||     6
       Shroud of Golubri |       |     4 |     1 ||     5
       Regeneration      |       |     1 |     4 ||     5
 Abil: Breathe Dispellin |       |       |     1 ||     1
Evoke: Wand              |       |       |     2 ||     2
  Use: Scroll            |     3 |     8 |     4 ||    15
       Potion            |       |     2 |       ||     2
  Eat: Chunk             |     3 |    11 |     5 ||    19
Armor: Skin              |    44 |   111 |    58 ||   213
Dodge: Dodged            |    96 |   175 |    73 ||   344
       Rpst.: Falchion   |    37 |    13 |       ||    50
       Long sword        |       |    49 |    22 ||    71

Table legend:
 A = Non-vault XP
 B = Vault XP
 C = Vault XP percentage of total XP
 D = Non-vault monster count
 E = Vault monster count
 F = Vault count percentage of total count
                 A         B        C        D         E       F
            +---------+---------+-------+---------+---------+-------
      Total |     656 |     865 |  56.9 |      67 |      25 |  27.2
            +---------+---------+-------+---------+---------+-------
        D:1 |      43 |       0 |   0.0 |      24 |       0 |   0.0
        D:2 |      78 |      16 |  17.0 |      17 |       8 |  32.0
        D:3 |      47 |      40 |  46.0 |      13 |      10 |  43.5
        D:4 |       1 |     204 |  99.5 |       1 |       2 |  66.7
        D:5 |     212 |     605 |  74.1 |       7 |       5 |  41.7
        D:6 |     275 |       0 |   0.0 |       5 |       0 |   0.0
            +---------+---------+-------+---------+---------+-------
